 Dungeon Crawl Stone Soup version 0.32-a0-675-gdc239d62e1 (webtiles) character file.

Game seed: 16349662999878992487

70 shadizar the Digger (level 4, -2/25 HPs)
             Began as a Gargoyle Earth Elementalist on Mar 11, 2024.
             Killed from afar by an orc wizard (6 damage)
             ... with a magic dart
             ... on level 2 of the Dungeon.
             The game lasted 00:02:20 (2016 turns).

shadizar the Digger (Gargoyle Earth Elementalist)   Turns: 2016, Time: 00:02:21

Health: -2/25      AC:  5    Str: 12    XL:     4   Next: 21%
Magic:  3/8        EV: 11    Int: 17    God:
Gold:   133        SH:  0    Dex: 10    Spells: 7/8 levels left

rFire   . . .        (no weapon)
rCold   . . .        (no shield)
rNeg    + . .        a - +0 robe
rPois   ∞            (no helmet)
rElec   +            (no cloak)
rCorr   .            (no gloves)
SInv    .            (no boots)
Will    .....        (no amulet)
Stlth   ++           (no ring)
HPRegen 0.24/turn    (no ring)
MPRegen 0.11/turn

%: no passive effects
@: no status effects
A: sickness immunity, AC +3, negative energy resistance 1, electricity
resistance, torment resistance 1, petrification resistance
a: no special abilities


You were on level 2 of the Dungeon.
You visited 1 branch of the dungeon, and saw 3 of its levels.

You collected 133 gold pieces.

Inventory:

Armour
 a - a +0 robe (worn)
 d - an orb of energy
 m - an orb of light
Jewellery
 k - a ring of ice
Scrolls
 c - a scroll of fear {unknown}
 e - a scroll of revelation {unknown}
 f - a scroll of teleportation {unknown}
 g - a scroll of identify {unknown}
 i - a scroll of blinking {unknown}
 j - a scroll of enchant armour {unknown}
 l - a scroll of amnesia {unknown}
 n - a scroll of immolation {unknown}
 o - a scroll of fog {unknown}
Potions
 b - a potion of magic
 h - a potion of degeneration {unknown}


   Skills:
 - Level 1.3 Fighting
 - Level 1.5 Dodging
 - Level 2.1 Stealth
 + Level 2.7 Spellcasting
 + Level 2.3 Conjurations
 + Level 4.3 Earth Magic


You had 7 spell levels left.
You knew the following spells:

 Your Spells              Type           Power      Damage    Failure   Level
a - Sandblast             Erth           34%        2d9       3%          1

Your spell library contained the following spells:

 Spells                   Type           Power      Damage    Failure   Level
 Passwall                 Erth           17%        N/A       9%          3
 Stone Arrow              Conj/Erth      26%        3d8       14%         3
 Brom's Barrelling Bould  Conj/Erth      13%        2d4       41%         4
 Petrify                  Alch/Erth      9%         N/A       58%         4


Dungeon Overview and Level Annotations

Branches:
Dungeon (3/15)

Altars:

Shops:
D:1 [   D:2 *


Innate Abilities, Weirdness & Mutations

You are immune to sickness and miasma.
Your stone body is resilient. (AC +3)
You are immune to poison.
You resist negative energy. (rN+)
You are resistant to electric shocks. (rElec)
You are resistant to unholy torment.
You are immune to petrification.


Message History

The orc wizard casts a spell.
The orc wizard flickers and vanishes!
Deactivating autopickup; reactivate with Ctrl-A.
An orc priest comes into view. It is wielding a +0 club.
The orc priest miscasts a cantrip.
A giant cockroach comes into view.
Something completely misses you.
There is a stone staircase leading up here.
Something hits you but does no damage.
You climb upwards.
Reactivating autopickup.
There is a stone staircase leading down here.
Something hits you but does no damage.
Deactivating autopickup; reactivate with Ctrl-A.
You hit something but do no damage. Something hits you.
You hit something but do no damage. Something hits you.
You hit something. Something hits you.
You barely miss something. Something barely misses you.
You hit something. Something hits you but does no damage.
You closely miss something. Something hits you.
You hit something but do no damage. Something hits you.
You hit something but do no damage.
You hear some strange, mumbled words.
A puff of flame appears from out of thin air!
The puff of flame hits you!
You miss something.
You hear some strange, mumbled words.
A magic dart appears from out of thin air!
The magic dart hits you.
* * * LOW HITPOINT WARNING * * *
Casting: Sandblast (safe; 3% risk of failure)
Confirm with . or Enter, or press ? or * to list all spells.
Okay, then.
Something completely misses you. Something hits you.
* * * LOW HITPOINT WARNING * * *
Something hits you but does no damage.
A magic dart appears from out of thin air!
The magic dart hits you.
You die...

..........########.#.###########.
#######'#..........#>#...........
#.#.##########.#.##########
#.#.#........#.#.......#
#######.#.#.######.#.#..####.#
.....##.#.#.#....#.#.#..# #.#
####.##.#.#......#.#.#..####.#
...#..#.#.###.#..#.#.#..#....#
#####.#.#.......@..#.#..#.####
...<..#.#####.#.....{...#.#
#######.# #.#)...#......#
........### #.#....#..#.###
####......# #.####.#..#.#.#
...'.>....# #.........#.#.#
.###......##########.##.#.# .#
####..............##.#.# .#
#################.#.#


There were no monsters in sight!

Vanquished Creatures
  An orc wizard (D:3)
  2 ribbon worms (D:2)
  An orc (D:3)
  3 endoplasms
  2 giant cockroaches (D:1)
  A goblin (D:2)
  2 hobgoblins
  7 jackals (D:1)
  A quokka (D:2)
  2 ball pythons
  6 bats
  2 frilled lizards (D:2)
  5 kobolds
  4 rats (D:1)
39 creatures vanquished.

Notes
Turn   | Place    | Note
-------+----------+-------------------------------------------
     0 | D:1      | shadizar the Gargoyle Earth Elementalist began the quest
                  | for the Orb.
     0 | D:1      | Reached XP level 1. HP: 10/10 MP: 3/3
   158 | D:1      | Reached XP level 2. HP: 16/16 MP: 0/5
   461 | D:1      | Reached skill level 1 in Fighting
   496 | D:1      | Found Neuryomm's Armour Shoppe.
   596 | D:1      | Reached skill level 4 in Earth Magic
   711 | D:1      | Reached XP level 3. HP: 20/20 MP: 2/6
  1188 | D:2      | Found Kutavum's General Store.
  1987 | D:3      | Reached XP level 4. HP: 20/25 MP: 2/8
  2016 | D:2      | Killed from afar by an orc wizard

Illustrated notes

Levels and vault maps discovered:
D:1:      lightli_arrival_lavapool, layout_basic, serial_shops, shop
D:2:      layout_basic, serial_shops, shop, minmay_gold_behind_fungi
D:3:      corexii_shack_village, layout_basic, mainiacjoe_overflow_alcove_1,
          grunt_temple_overflow_open, chequers_mini_garden

Skill      XL: |  1  2  3 |
---------------+----------+-----
Fighting       | 1 |  1.3
Earth Magic    | 4 |  4.3
Conjurations   | 2 |  2.3
Dodging        | |  1.5
Stealth        | |  2.1
Spellcasting   | |  2.7

Action                     |  1- 3 |  4- 6 || total
---------------------------+-------+-------++-------
  Melee: Unarmed           |    23 |     9 ||    32
         Punch             |     1 |       ||     1
   Cast: Sandblast         |    52 |     2 ||    54
 Armour: Robe              |    36 |    14 ||    50
  Dodge: Dodged            |    24 |     3 ||    27

Table legend: (Time is in decaauts)
 A = Elapsed time spent in this place.
 B = Non-inter-level travel time spent in this place.
 C = Inter-level travel time spent in this place.
 D = Time resting spent in this place.
 E = Time spent auto-exploring this place.
 F = Levels seen in this place.
 G = Mean time per level.
                   A        B        C        D        E       F      G
               +--------+--------+--------+--------+--------+-----+--------+
         Total |   2043 |   2016 |     27 |      0 |   1727 |   3 |  681.0 |
       Dungeon |   2043 |   2016 |     27 |      0 |   1727 |   3 |  681.0 |
               +--------+--------+--------+--------+--------+-----+--------+

Top non-repeatable levels by time:
     D:2: 1057 daAuts
     D:1: 956 daAuts
     D:3: 29 daAuts
